 Dungeon Crawl Stone Soup version 0.29.1-15-g9cfb28693d (webtiles) character file.

Game seed: 7580820199881661000

457 adizb the Ogre Mage (level 7, -2/59 HPs)
             Began as an Ogre Fire Elementalist on Apr 18, 2023.
             Slain by Pikel
             ... wielding a +0 whip of freezing
              (12 damage)
             ... on level 4 of the Dungeon.
             The game lasted 00:21:31 (2950 turns).

adizb the Ogre Mage (Ogre Fire Elementalist)        Turns: 2950, Time: 00:21:32

Health: -2/59      AC:  4    Str: 13    XL:     7   Next: 6%
Magic:  9/14       EV: 10    Int: 18    God:
Gold:   81         SH:  0    Dex:  9    Spells: 6/16 levels left

rFire   + . .      SeeInvis .   c - +0 dagger
rCold   + + .      Faith    .   (no shield)
rNeg    . . .      Spirit   .   g - +1 robe "Bissaisa" {rC+}
rPois   .          Reflect  .   (helmet restricted)
rElec   .          Harm     .   (no cloak)
rCorr   .          Rampage  .   (gloves unavailable)
Will    .....                   (boots unavailable)
Stlth   +.........              d - amulet of magic regeneration
HPRegen 0.19/turn               j - ring of Eseir {rF+ rC+}
MPRegen 0.54/turn               (no ring)

@: about to teleport, very slightly contaminated
A: large, unfitting armour, tough skin 1
a: no special abilities


You were on level 4 of the Dungeon.
You visited 1 branch of the dungeon, and saw 4 of its levels.

You collected 81 gold pieces.

Inventory:

Hand Weapons
 c - a +0 dagger (weapon)
Armour
 g - the +1 robe "Bissaisa" (worn) {rC+}
   (You found it on level 3 of the Dungeon)

   rC:        It protects you from cold.
Jewellery
 d - an amulet of magic regeneration (around neck)
 j - the ring of Eseir (left hand) {rF+ rC+}
   (You found it on level 4 of the Dungeon)

   [ring of protection from cold]

   rF:        It protects you from fire.
   rC:        It protects you from cold.
Potions
 b - 2 potions of magic
 e - a potion of flight {unknown}
 f - 2 potions of mutation {unknown}
 h - 2 potions of brilliance {unknown}
 i - 2 potions of might {unknown}
 k - a potion of berserk rage {unknown}
 l - a potion of haste {unknown}


   Skills:
 + Level 2.2 Dodging
 - Level 1.4 Stealth
 * Level 5.3 Spellcasting
 + Level 2.7 Conjurations
 - Level 2.0 Summonings
 * Level 4.2 Fire Magic


You had 6 spell levels left.
You knew the following spells:

 Your Spells              Type           Power      Damage    Failure   Level
a - Foxfire               Conj/Fire      68%        2x1d7     3%          1
b - Scorch                Fire           40%        2d7       3%          2
c - Conjure Flame         Conj/Fire      17%        6-21      9%          3
d - Sticky Flame          Conj/Fire      17%        2d4       30%         4

Your spell library contained the following spells:

 Spells                   Type           Power      Damage    Failure   Level
 Inner Flame              Hex/Fire       12%        N/A       16%         3
 Sublimation of Blood     Necr           4%         N/A       21%         2
 Wereblood                Tmut           4%         N/A       21%         2
 Ignite Poison            Fire/Tmut/Pois 9%         N/A       22%         3
 Flame Wave               Conj/Fire      17%        2d7       30%         4
 Portal Projectile        Hex/Tloc       8%         N/A       36%         3
 Tukima's Dance           Hex            4%         N/A       36%         3
 Blade Hands              Tmut           2%         N/A       98%         5
 Summon Hydra             Summ           6%         N/A       100%        7


Dungeon Overview and Level Annotations

Branches:
Dungeon (4/15)
 Temple: D:4-7

Altars:
Dithmenos
Fedhas
Makhleb
Wu Jian
Xom
The Shining One

Shops:
D:1 =

Annotations:
D:4 Pikel


Innate Abilities, Weirdness & Mutations

You are too large for most types of armour.
You have tough skin. (AC +1)


Message History

Casting: Scorch (safe; 3% risk of failure)
Press: ? - help, Q - select action, (/) - cycle Dir - look around, f - activate Flames lash the lemure.
The lemure is heavily wounded.
The lemure's fire resistance burns away.
You hear a shout!
The foxfire hits Pikel but does no damage.
Pikel is moderately wounded.
The foxfire hits Pikel.
Pikel is moderately wounded.
The foxfire hits Pikel but does no damage.
Pikel is moderately wounded.
Pikel hits you with a +0 whip of freezing!
Pikel freezes you. The lemure closely misses you.
The lemure attacks as you move away! The lemure hits you.
Okay, then.
Casting: Scorch (safe; 3% risk of failure)
Confirm with . or Enter, or press ? or * to list all spells.
Okay, then.
Casting: Scorch (safe; 3% risk of failure)
Confirm with . or Enter, or press ? or * to list all spells.
The spell is quite dangerous to miscast (30% risk of failure)!
Continue anyway?
Aiming: Sticky Flame (quite dangerous; 30% risk of failure)
Press: ? - help, Shift-Dir - straight line, f - Pikel
Aim: Pikel, wielding a +0 whip of freezing and wearing a +0 robe (moderately wounded, 100% to hit)
You miscast Sticky Flame.
You are very lightly contaminated with residual magic.
Fire whirls out from your hands. You resist.
* * * LOW HITPOINT WARNING * * *
The lemure is no longer more vulnerable to fire.
Pikel closely misses you.
Okay, then.
As you read the scroll of teleportation, it crumbles to dust.
You feel strangely unstable. Pikel barely misses you.
Pikel attacks as you move away!
Pikel hits you with a +0 whip of freezing.
* * * LOW HITPOINT WARNING * * *
Pikel attacks as you move away!
Pikel hits you with a +0 whip of freezing!
You die...

#.###.#.#..... ..#
#.# ##.#..#.... ..
##.# #.#....##. #
##.#.# #.#.####
##.###.##.#.# #.##
##.....#
##.###55...#.### #.#
#..#K###.###.. #.#
#.#@## ##.#.######.#
#.#######...## #....
#............###.#.#
#######.....>.(.....
#......###.#.#
#.#...## #....
#.##### ###.# #.##
#.# ########..## #.#


You could see Pikel and 2 lemures.

Vanquished Creatures
  2 lemures (D:4)
  2 phantoms (D:4)
  A scorpion (D:4)
  A jelly (D:4)
  An iguana (D:4)
  Natasha (D:2)
  8 adders
  A worm (D:3)
  4 dart slugs
  3 orcs (D:3)
  5 endoplasms
  4 giant cockroaches
  10 goblins
  5 hobgoblins
  2 jackals (D:3)
  3 quokkas
  6 ball pythons
  5 bats
  5 frilled lizards
  12 kobolds
  6 rats
  A spectral kobold (D:2)
88 creatures vanquished.

Vanquished Creatures (others)
  163 foxfires
163 creatures vanquished.

Grand Total: 251 creatures vanquished

Notes
Turn   | Place    | Note
-------+----------+-------------------------------------------
     0 | D:1      | adizb the Ogre Fire Elementalist began the quest for the
                  | Orb.
     0 | D:1      | Reached XP level 1. HP: 16/16 MP: 3/3
    84 | D:1      | Reached skill level 1 in Conjurations
   128 | D:1      | You fall into a shaft and drop 1 floor!
   157 | D:2      | Found a blossoming altar of Fedhas.
   290 | D:1      | Reached XP level 2. HP: 17/24 MP: 3/5
   404 | D:1      | Found Riopreud's Jewellery Boutique.
   449 | D:1      | Learned a level 2 spell: Scorch
   515 | D:1      | Reached skill level 3 in Spellcasting
   954 | D:2      | Reached XP level 3. HP: 31/31 MP: 5/7
  1094 | D:2      | Noticed Natasha
  1103 | D:2      | Killed Natasha
  1104 | D:2      | Reached skill level 1 in Summonings
  1105 | D:2      | Reached XP level 4. HP: 33/39 MP: 3/9
  1109 | D:2      | Learned a level 3 spell: Conjure Flame
  1203 | D:2      | Found a faded altar of an unknown god.
  1665 | D:3      | Found a burning altar of Makhleb.
  1693 | D:3      | Reached skill level 4 in Spellcasting
  1693 | D:3      | Reached XP level 5. HP: 45/45 MP: 6/11
  1717 | D:3      | Found a glowing golden altar of the Shining One.
  1718 | D:3      | Found an ornate altar of the Wu Jian Council.
  1725 | D:3      | Found a shadowy altar of Dithmenos.
  1727 | D:3      | Found a blossoming altar of Fedhas.
  1729 | D:3      | Found a shimmering altar of Xom.
  1771 | D:3      | Identified the +1 robe "Bissaisa" {rC+}
  2016 | D:4      | Noticed a phantom
  2032 | D:4      | Killed a phantom
  2033 | D:4      | Reached XP level 6. HP: 53/53 MP: 1/12
  2127 | D:4      | Reached skill level 5 in Spellcasting
  2238 | D:4      | Identified the ring of Eseir {rF+ rC+}
  2413 | D:4      | Reached XP level 7. HP: 26/59 MP: 10/14
  2536 | D:4      | Learned a level 4 spell: Sticky Flame
  2567 | D:4      | Noticed Pikel
  2950 | D:4      | Slain by Pikel

Illustrated notes

Levels and vault maps discovered:
D:1:      minmay_arrival_stair_chambers, layout_basic, serial_shops,
          nicolae_diamond_shop, minmay_split_cup_large
D:2:      layout_basic, dreamdust_ecumenical_altar_drowned_temple, basic_altar,
          uniq_natasha
D:3:      layout_basic, grunt_temple_overflow_open
D:4:      layout_loops_ring, minmay_cut_off, uniq_pikel

Skill      XL: |  1  2  3  4  5  6 |
---------------+-------------------+-----
Conjurations   | 1 2 |  2.7
Spellcasting   | 3 4 5 |  5.3
Fire Magic     | 3 4 |  4.2
Summonings     | 1 2 |  2.0
Dodging        | 2 |  2.2
Stealth        | |  1.4

Action                   |  1- 3 |  4- 6 |  7- 9 || total
-------------------------+-------+-------+-------++-------
Melee: Dagger            |    35 |     7 |     9 ||    51
 Cast: Foxfire           |    46 |    44 |     7 ||    97
       Scorch            |       |    47 |    16 ||    63
       Conjure Flame     |       |     2 |       ||     2
  Use: Scroll            |     2 |     3 |     2 ||     7
Armor: Robe              |    28 |    12 |     3 ||    43
Dodge: Dodged            |    22 |     8 |     8 ||    38
